 Dungeon Crawl Stone Soup version 0.17.1-2-g5865329 (webtiles) character file.

1736 ololoev the Chopper (level 8, -1/87 HPs)
             Began as a Demonspawn Fighter on Jan 19, 2016.
             Was a Priest of Makhleb.
             Succumbed to a spider's poison
             ... on level 8 of the Dungeon.
             The game lasted 00:18:00 (2892 turns).

ololoev the Chopper (Demonspawn Fighter)            Turns: 2892, Time: 00:18:01

Health: -1/87      AC: 14    Str: 23    XL:     8   Next: 76%
Magic:  12/12      EV:  7    Int: 10    God:    Makhleb [***...]
Gold:   217        SH:  0    Dex: 18    Spells: 0 memorised, 7 levels left

rFire  . . .     SeeInvis +     a - +0 war axe
rCold  . . .     Clarity  .     t - +0 chain mail
rNeg   . . .     SustAt   .     (no shield)
rPois  .         Gourm    .     (helmet unavailable)
rElec  .         Spirit   .     (no cloak)
rCorr  .         Warding  .     (no gloves)
rMut   .         Stasis   .     j - +0 pair of boots
MR     .....                    (no amulet)
Stlth  ..........               (no ring)
                                b - +5 ring of dexterity

@: berserking, lethally poisoned (-1 -> -20), very slightly contaminated,
invisible, very quick, not resistant to hostile enchantments, extremely
unstealthy
A: antennae 3, molten scales 2, powered by death 1
a: Minor Destruction, Lesser Servant of Makhleb, Renounce Religion


Innate Abilities, Weirdness & Mutations

You have a pair of large antennae on your head (SInv).
You are mostly covered in molten scales (AC +3, EV -1).
You regenerate a little health from kills.

Inventory:

Hand Weapons
 a - a +0 war axe (weapon)
Missiles
 d - 34 poisoned needles
Armour
 j - a +0 pair of boots (worn)
 t - a +0 chain mail (worn)
Jewellery
 b - a +5 ring of dexterity (left hand)
Wands
 r - a wand of draining (3)
 y - a wand of cold (9)
Scrolls
 f - 2 scrolls of remove curse
 u - a scroll of noise {unknown}
 v - a scroll of teleportation
 w - a scroll of torment {unknown}
 z - a scroll of fear {unknown}
Potions
 c - a potion of heal wounds {unknown}
 h - a potion of invisibility
 i - a potion of cure mutation
 l - a potion of brilliance {unknown}
 m - a potion of berserk rage
 n - 2 potions of curing {unknown}
 o - a potion of flight {unknown}
 p - a potion of poison {unknown}
 x - a potion of resistance {unknown}
Comestibles
 e - 3 bread rations
 g - 5 meat rations
 s - 7 fruits


   Skills:
 - Level 3.0 Fighting
 * Level 7.1 Axes
 + Level 5.6 Armour
   Level 2.6 Shields
 + Level 6.1 Invocations
 + Level 4.0 Evocations


You had 7 spell levels left.
You didn't know any spells.


You were on level 8 of the Dungeon.
You worshipped Makhleb.
Makhleb was most pleased with you.
You were not hungry.

You visited 2 branches of the dungeon, and saw 10 of its levels.

You collected 217 gold pieces.

#......>....# #..
###..####...## ###
# ## #..###.....##
#.#.##..##.......#
##
#.......#.........#
#..
#.......'.........+
....
##...#.##.......[.#
##..
##.##.###.......##
##.
#.....@.##.....## #
#.###.#.###...## #.
#.#.# #+## . ..#.#
#. ...#.# ...##..
...# .. #..# .. #
##.

Notes
Turn   | Place    | Note
--------------------------------------------------------------
     0 | D:1      | ololoev the Demonspawn Fighter began the quest for the Orb.
     0 | D:1      | Reached XP level 1. HP: 18/18 MP: 1/1
    71 | D:1      | Gained mutation: You regenerate a little health from kills. [demonic ancestry]
    71 | D:1      | Reached XP level 2. HP: 17/24 MP: 2/2
   455 | D:4      | Found a staircase to the Ecumenical Temple.
   459 | Temple   | Entered the Ecumenical Temple
   466 | Temple   | Became a worshipper of Makhleb the Destroyer
   495 | D:4      | Gained mutation: You are partially covered in molten scales (AC +1). [demonic ancestry]
   495 | D:4      | Reached XP level 3. HP: 13/29 MP: 3/3
   507 | D:5      | Entered Level 5 of the Dungeon
   507 | D:5      | Noticed an ice beast
   638 | D:4      | Reached skill level 1 in Invocations
   735 | D:3      | Gained mutation: You have a pair of small antennae on your head. [demonic ancestry]
   735 | D:3      | Reached XP level 4. HP: 28/35 MP: 4/4
   871 | D:5      | Noticed a scorpion
   918 | D:5      | Gained mutation: You have a pair of antennae on your head. [demonic ancestry]
   918 | D:5      | Reached XP level 5. HP: 37/41 MP: 6/6
   925 | D:5      | Killed an ice beast
   925 | D:5      | Reached skill level 4 in Axes
   946 | D:4      | Killed a scorpion
   946 | D:4      | Gained mutation: You have a pair of large antennae on your head (SInv). [demonic ancestry]
   946 | D:4      | Reached XP level 6. HP: 25/47 MP: 6/8
  1342 | D:5      | Reached * piety under Makhleb
  1439 | D:6      | Reached skill level 1 in Evocations
  1458 | D:5      | Reached skill level 5 in Axes
  1519 | D:5      | Gained mutation: You are mostly covered in molten scales (AC +3, EV -1). [demonic ancestry]
  1519 | D:5      | Reached XP level 7. HP: 12/52 MP: 9/9
  1588 | D:6      | Found a sparkling altar of Nemelex Xobeh.
  1748 | D:6      | Found a shimmering altar of Xom.
  1821 | D:6      | Reached ** piety under Makhleb
  2096 | D:7      | Reached skill level 6 in Axes
  2193 | D:9      | Reached skill level 5 in Armour
  2193 | D:9      | Reached XP level 8. HP: 55/58 MP: 11/11
  2242 | D:9      | Reached skill level 5 in Invocations
  2455 | D:8      | Found a staircase to the Lair.
  2627 | D:8      | Reached *** piety under Makhleb
  2713 | D:9      | Reached skill level 7 in Axes
  2890 | D:8      | HP: 2/58 [poisoned by a spider]
  2892 | D:8      | Succumbed to a spider's poison

Dungeon Overview and Level Annotations

Branches:
Dungeon (9/15)             Temple (1/1) D:4            Lair (0/8) D:8
    Orc: D:9-12

Altars:
Ashenzari
Dithmenos
Elyvilon
Gozag
Kikubaaqudgha
Makhleb
Nemelex Xobeh
Okawaru
Qazlal
Ru
Sif Muna
Trog
Vehumet
Xom
Yredelemnul
Zin
The Shining One


Message History

The spider is lightly wounded.
You barely miss the spider. You hit the spider.
The spider is lightly wounded.
You feel sick. The spider bites you.
You are more poisoned.
The spider poisons you! The spider bites you. The spider bites you.
The spider bites you but does no damage.
The spider bites you.
You are lethally poisoned!
The spider poisons you! The spider completely misses you. The spider bites you!
The spider barely misses you.
The spider bites you but does no damage. x2
The spider bites you.
The spider bites you but does no damage. x3
The spider bites you.
The spider bites you but does no damage.
Read which item? (? for menu, Esc to quit)
Blink to where?
Press: ? - help, Dir - move target cursor You are very lightly contaminated with residual magic.
As you read the scroll of blinking, it crumbles to dust.
You feel very sick.
You feel very sick.
You feel very sick.
There is a stone staircase leading up here.
You feel sick.
You climb upwards.
You feel very sick.
There is a stone staircase leading down here.
Drink which item? (? for menu, Esc to quit)
It was a potion of cure mutation.
It has a very clean taste.
You feel sick.
Drink which item? (? for menu, Esc to quit)
It was a potion of invisibility.
You fade into invisibility!
You feel sick.
Drink which item? (? for menu, Esc to quit)
It was a potion of berserk rage.
A red film seems to cover your vision as you go berserk!
You feel yourself moving faster!
You feel mighty!
You die...

There were no monsters in sight!

Vanquished Creatures
  A sky beast (D:7)
  A centaur (D:6)
  An ice beast (D:5)
  A phantom (D:9)
  An ogre (D:6)
  A big kobold (D:9)
  2 giant frogs
  A wyvern skeleton (D:7)
  A scorpion (D:4)
  4 killer bees (D:9)
  A giant frog zombie (D:6)
  2 crimson imps (D:6)
  A giant frog skeleton (D:5)
  A hound (D:5)
  A jelly (D:9)
  4 orc priests
  An iguana (D:5)
  4 orc wizards (D:8)
  A centaur skeleton (D:4)
  7 worker ants
  A worker ant zombie (D:7)
  A hound skeleton (D:7)
  6 adders
  2 shadow imps
  An ooze (D:1)
  2 worms
  23 orcs
  2 ball pythons
  3 bats
  2 goblins (D:1)
  2 hobgoblins (D:1)
  6 jackals
  A giant cockroach (D:1)
  2 giant newts (D:6)
  11 kobolds
  4 rats (D:1)
  A plant (D:8)
107 creatures vanquished.

Vanquished Creatures (others)
  A fungus (D:8)
  5 toadstools (D:1)
6 creatures vanquished.

Grand Total: 113 creatures vanquished

Action                   |  1- 3 |  4- 6 |  7- 9 || total
-------------------------+-------+-------+-------++-------
Melee: War axe           |    81 |   131 |   252 ||   464
Evoke: Wand              |       |       |     3 ||     3
  Use: Potion            |     1 |       |     3 ||     4
       Scroll            |       |     5 |     1 ||     6
  Eat: Chunk             |       |     2 |     4 ||     6
       Pizza             |       |       |     1 ||     1

Vault maps used:
D:1:      ldierk_walled_garden, st_stairs_12
D:2:      marbit_many_paths
D:3:      first_bread
D:4:      overflow_temple_1_default
D:5:      lemuel_doored_altar, uniq_eustachio
D:6:      lemuel_crystal_altar, nemelex_xobeh_ov_fountains_minmay
D:7:      grunt_livestock, feat_on_display
D:8:      dpeg_oklobed_lair
D:9:      spider_trap, uniq_pikel
Temple:   nicolae_temple_no_exploring_needed
